 Dungeon Crawl Stone Soup version 0.29-a0-25-g7f48f510a0 (webtiles) character file.

Game seed: 11905840836458952990

39424 timneilson the Blocker (level 14, -2/86 HPs)
             Began as a Gargoyle Fighter on Jan 31, 2022.
             Was a High Priest of Okawaru.
             Slain by Rupert (25 damage)
             ... on level 3 of the Lair of Beasts on Feb 1, 2022.
             The game lasted 00:40:45 (14153 turns).

timneilson the Blocker (Gargoyle Fighter)          Turns: 14153, Time: 00:40:45

Health: -2/86      AC: 42    Str: 23    XL:     14   Next: 6%
Magic:  12/18      EV: 12    Int: 11    God:    Okawaru [*****.]
Gold:   968        SH: 15    Dex: 15    Spells: 13/13 levels left

rFire   . . .      SeeInvis .   E - +4 scimitar "Vuefowos" {vorpal, rC+ rCorr}
rCold   + . .      Faith    .   L - +1 kite shield {reflect}
rNeg    + . .      Spirit   .   A - +0 plate armour
rPois   ∞          Reflect  +   I - +0 helmet
rElec   +          Harm     .   b - +2 cloak
rCorr   +          Rampage  .   B - +1 pair of gloves
Will    +....                   c - +0 pair of boots
Stlth   ..........              e - amulet of regeneration
HPRegen 1.04/turn               p - +4 ring of protection
MPRegen 0.16/turn               x - +6 ring of dexterity

@: heroic, finesse-ful, flying
A: sickness immunity, AC +10, big wings, negative energy resistance 1,
electricity resistance, torment resistance 1, petrification resistance
a: Renounce Religion, Heroism, Finesse, Duel


You were on level 3 of the Lair of Beasts.
You worshipped Okawaru.
Okawaru was extremely pleased with you.
You visited 3 branches of the dungeon, and saw 17 of its levels.
You also visited: Sewer and Ice Cave.

You collected 1130 gold pieces.
You spent 162 gold pieces at shops.

Inventory:

Hand Weapons
 a - a +0 long sword
 g - the +1 double sword of Weoj {vorpal, Int+4}
   (You acquired it on level 6 of the Dungeon)

   It inflicts extra damage upon your enemies.
   Int:       It affects your intelligence (+4).
 j - a +1 war axe of flaming
 E - the +4 scimitar "Vuefowos" (weapon) {vorpal, rC+ rCorr}
   (You bought it in a shop on level 5 of the Dungeon)

   It inflicts extra damage upon your enemies.
   rC:        It protects you from cold.
   rCorr:     It protects you from acid and corrosion.
Armour
 b - a +2 cloak (worn)
 c - a +0 pair of boots (worn)
 A - a +0 plate armour (worn)
 B - a +1 pair of gloves (worn)
 I - a +0 helmet (worn)
 L - a +1 kite shield of reflection (worn)
 R - a +0 cloak of cold resistance
Jewellery
 e - an amulet of regeneration (around neck)
 p - a +4 ring of protection (left hand)
 q - a ring of ice
 x - a +6 ring of dexterity (right hand)
 J - a +4 ring of evasion
 N - a ring of see invisible
 P - a ring of willpower
 Q - a +6 ring of dexterity
Wands
 n - a wand of iceblast (24)
 w - a wand of flame (40)
 C - a wand of acid (7)
 M - a wand of paralysis (13)
Scrolls
 f - 3 scrolls of fog
 h - 3 scrolls of enchant armour
 k - 3 scrolls of amnesia
 r - 2 scrolls of fear
 y - 4 scrolls of teleportation
 z - a scroll of holy word
 K - a scroll of enchant weapon
 O - 3 scrolls of identify
Potions
 d - a potion of lignification
 i - 3 potions of mutation
 l - a potion of magic
 m - a potion of might
 o - 4 potions of curing
 s - a potion of resistance
 t - 6 potions of haste
 u - 4 potions of invisibility
 v - 4 potions of heal wounds
 D - 4 potions of brilliance
 F - 3 potions of attraction
 G - 5 potions of flight
 H - 2 potions of ambrosia


   Skills:
 + Level 9.3(14.3) Fighting
 * Level 10.5(15.5) Long Blades
 * Level 12.6(17.6) Armour
 + Level 6.6(11.6) Dodging
 * Level 12.7(17.7) Shields
 + Level 5.9 Invocations
 + Level 6.6 Evocations


You had 13 spell levels left.
You didn't know any spells.
Your spell library contained the following spells:

 Spells                   Type           Power      Damage    Failure   Level
 Apportation              Tloc           0%         N/A       98%         1
 Freeze                   Ice            0%         1d3       98%         1
 Pain                     Necr           0%         1d4       98%         1
 Scorch                   Fire           0%         2d5       99%         2
 Confusing Touch          Hex            0%         N/A       100%        3
 Dazzling Flash           Conj/Hex       0%         N/A       100%        3
 Frozen Ramparts          Ice            0%         1d2       100%        3
 Inner Flame              Hex/Fire       0%         N/A       100%        3
 Cause Fear               Hex            0%         N/A       100%        4
 Flame Wave               Conj/Fire      0%         2d4       100%        4
 Hailstorm                Conj/Ice       0%         3d3       100%        4
 Agony                    Necr           0%         N/A       100%        5
 Blade Hands              Tmut           0%         N/A       100%        5
 Excruciating Wounds      Necr           0%         N/A       100%        5
 Silence                  Hex/Air        0%         N/A       100%        5
 Yara's Violent Unravell  Hex/Tmut       0%         3d3       100%        5
 Conjure Ball Lightning   Conj/Air       0%         3x3d6     100%        6
 Iron Shot                Conj/Erth      0%         9d1       100%        6
 Enfeeble                 Hex            0%         N/A       100%        7
 Discord                  Hex            0%         N/A       100%        8
 Disjunction              Tloc           0%         N/A       100%        8
 Animate Skeleton         Necr           Unusable   N/A       N/A         1
 Summon Small Mammal      Summ           Unusable   N/A       N/A         1
 Animate Armour           Summ/Erth      Unusable   N/A       N/A         4
 Summon Cactus Giant      Summ           Unusable   N/A       N/A         6

Dungeon Overview and Level Annotations

Branches:
Dungeon (13/15)            Temple (1/1) D:6            Lair (3/6) D:11
    Orc (0/2) D:10          Sewer (visited)           IceCv (visited)
  Swamp: Lair:2-4    Shoals: Lair:2-4     Snake: Lair:2-4    Spider: Lair:2-4
 Vaults: D:13-14

Altars:
Ashenzari
Cheibriados
Dithmenos
Elyvilon
Fedhas
Gozag
Hepliaklqana
Kikubaaqudgha
Makhleb
Nemelex Xobeh
Okawaru
Qazlal
Ru
Sif Muna
Trog
Uskayaw
Vehumet
Wu Jian
Xom
Yredelemnul
Zin
The Shining One

Shops:
D:5 (

Annotations:
D:4 3 runed translucent doors, lunkers's ghost, amateur MiCK
Lair:3 Rupert


Innate Abilities, Weirdness & Mutations

You are immune to sickness and miasma.
Your stone body is resilient. (AC +10)
You are immune to poison.
Your large and strong wings let you fly.
You resist negative energy. (rN+)
You are resistant to electric shocks. (rElec)
You are resistant to unholy torment.
You are immune to petrification.


Message History

You hit the komodo dragon.
You kill the komodo dragon!
Okawaru accepts your kill.
You see here a komodo dragon corpse.
You see here a +0 long sword.
You now have 968 gold pieces (gained 3).
Found a stone staircase leading down.
Found a scale mail.
Rupert the Wild comes into view.
He is wielding a +1 great sword of draining.
Rupert yells loudly at you.
You struggle to resist.
Rupert looks excited.
You can now deal lightning-fast blows.
You gain the combat prowess of a mighty hero.
You closely miss Rupert. You barely miss Rupert. You block Rupert's attack.
You slash Rupert!
Rupert is lightly wounded.
You hit Rupert.
Rupert is lightly wounded.
Rupert yells loudly at you.
You are confused.
Rupert roars madly and goes into a rage!
Rupert goes berserk!
You're too confused to move!
Rupert hits you with a +1 great sword of draining!! x2
You feel less confused.
Rupert hits you with a +1 great sword of draining.
Rupert barely misses you. Rupert hits you but does no damage.
You hit Rupert.
Rupert is lightly wounded.
Rupert hits you with a +1 great sword of draining!
* * * LOW HITPOINT WARNING * * *
You slash Rupert!
Rupert is moderately wounded.
You hit Rupert.
Rupert is moderately wounded.
Rupert hits you with a +1 great sword of draining!!
You die...

....... # . ....... . .....
....... ...... ....... ####
......# ....... .⌠.##
.......####....... ....#
...................
.<.⌠#..........[@........
................@........
.††##....................
..#.......................
......................>....
....#.......................
....#......#....#...........
>.......P##....#............
........####...##...........


You could see Rupert (berserk).

Vanquished Creatures
  A frost giant (IceCv)
  A boulder beetle (D:11)
  3 hydras
  2 centaur warriors (D:13)
  Urug (D:10)
  4 death yaks (IceCv)
  3 two-headed ogres
  2 tengu warriors (D:13)
  Pikel (D:9)
  6 ugly things
  4 cyclopes
  An ice statue (IceCv)
  A black mamba (Lair:1)
  A gargoyle (D:12)
  6 cane toads
  Maggie (D:7)
  3 komodo dragons
  An unseen horror (D:11)
  11 rime drakes
  5 polar bears
  4 trolls
  3 slime creatures (D:12)
  Prince Ribbit (D:7)
  3 blink frogs (Lair:1)
  2 shadows (D:10)
  A wyvern (D:9)
  40 yaks
  2 water elementals (D:13)
  A wraith (D:10)
  2 vampires (D:12)
  2 steam dragons
  A basilisk (Lair:2)
  Menkaure (D:5)
  An acid dragon (D:13)
  9 water moccasins
  A sky beast (D:8)
  An ice beast (D:8)
  2 black bears
  5 orc warriors
  2 ogres
  3 centaurs
  17 wolves
  A phantom (D:6)
  A kobold brigand (Sewer)
  A lemure (D:9)
  8 bullfrogs
  A wyvern zombie (D:8)
  2 water moccasin zombies
  A water moccasin skeleton (D:5)
  9 killer bees
  4 wights (D:8)
  6 howler monkeys
  5 electric eels (D:13)
  6 centaur zombies
  A bullfrog zombie (D:5)
  3 hounds
  3 jellies
  7 orc priests
  Crazy Yiuf (D:4)
  A centaur skeleton (D:5)
  A bullfrog skeleton (D:6)
  Ijyb (D:5)
  3 iguanas
  10 orc wizards
  A scorpion zombie (D:5)
  A hound zombie (D:5)
  A hound skeleton (D:4)
  4 gnolls (D:4)
  A howler monkey zombie (D:8)
  13 adders
  7 river rats (Sewer)
  2 shadow imps
  A worm (D:6)
  A dart slug (D:2)
  48 orcs
  7 endoplasms
  11 giant cockroaches
  10 goblins
  15 hobgoblins
  20 kobolds
  5 quokkas
  15 ball pythons
  13 bats
  3 frilled lizards
  22 rats
439 creatures vanquished.

Vanquished Creatures (others)
  An orc (D:9)
  5 fungi
  9 plants
15 creatures vanquished.

Grand Total: 454 creatures vanquished

Notes
Turn   | Place    | Note
-------+----------+-------------------------------------------
     0 | D:1      | timneilson the Gargoyle Fighter began the quest for the
                  | Orb.
     0 | D:1      | Reached XP level 1. HP: 14/14 MP: 1/1
    38 | D:1      | Reached XP level 2. HP: 6/19 MP: 2/2
   583 | D:1      | Reached XP level 3. HP: 23/23 MP: 3/3
  1203 | D:1      | Found a faded altar of an unknown god.
  1297 | D:2      | Reached XP level 4. HP: 21/28 MP: 4/4
  1309 | D:2      | You fall into a shaft and drop 1 floor!
  1365 | D:2      | Reached skill level 1 in Dodging
  1370 | D:2      | Reached XP level 5. HP: 29/33 MP: 5/5
  1654 | D:2      | Found a glowing silver altar of Zin.
  2186 | D:3      | Reached XP level 6. HP: 38/38 MP: 6/6
  2587 | D:4      | Found a runed translucent gate.
  2587 | D:4      | Found a runed translucent gate.
  2590 | D:4      | Found a runed translucent gate.
  2591 | D:4      | Noticed lunkers's ghost (amateur MiCK)
  2895 | D:4      | Found a runed translucent door.
  2896 | D:4      | Noticed Crazy Yiuf
  3206 | D:4      | Killed Crazy Yiuf
  3252 | D:5      | Entered Level 5 of the Dungeon
  3266 | D:5      | Reached skill level 5 in Armour
  3266 | D:5      | Reached skill level 5 in Shields
  3266 | D:5      | Reached XP level 7. HP: 43/43 MP: 7/7
  3467 | D:5      | Found Sazxanipp's Antique Weapon Emporium.
  3652 | D:5      | Noticed Ijyb
  3656 | D:5      | Noticed Menkaure
  3667 | D:5      | Killed Ijyb
  3672 | D:5      | Killed Menkaure
  3673 | D:5      | Reached XP level 8. HP: 38/48 MP: 8/8
  3926 | D:5      | Found a stormy altar of Qazlal.
  4164 | D:6      | Found a glowing drain.
  4168 | Sewer    | Entered a sewer
  4499 | Sewer    | Reached skill level 5 in Fighting
  4512 | Sewer    | Reached skill level 1 in Evocations
  4804 | D:6      | Reached skill level 5 in Long Blades
  4856 | D:6      | Found a staircase to the Ecumenical Temple.
  4865 | Temple   | Entered the Ecumenical Temple
  5085 | D:6      | Reached XP level 9. HP: 52/54 MP: 9/9
  5436 | D:6      | Found a shimmering blue altar of Sif Muna.
  5438 | D:6      | Found a radiant altar of Vehumet.
  5532 | D:6      | Identified a scroll of acquirement
  5532 | D:6      | Acquired the +1 double sword of Weoj {vorpal, Int+4}
  5601 | D:7      | Noticed Maggie
  5620 | D:7      | Killed Maggie
  5714 | D:7      | Found a broken altar of Ashenzari.
  5715 | D:7      | Noticed Prince Ribbit
  5724 | D:7      | Killed Prince Ribbit
  5968 | D:5      | Bought an encrusted scimitar for 162 gold pieces
  5968 | D:5      | Identified the +4 scimitar "Vuefowos" {vorpal, rC+ rCorr}
                  | (You bought it in a shop on level 5 of the Dungeon)
  6071 | D:7      | Found an opulent altar of Gozag.
  7206 | D:8      | Reached XP level 10. HP: 60/60 MP: 10/10
  7534 | D:9      | Noticed a two-headed ogre
  7538 | D:9      | Killed a two-headed ogre
  7704 | D:9      | Noticed a two-headed ogre
  7715 | D:9      | Killed a two-headed ogre
  7753 | D:9      | Noticed Pikel
  7767 | D:9      | Killed Pikel
  7893 | D:9      | Reached XP level 11. HP: 58/66 MP: 11/11
  7916 | D:9      | Found an iron altar of Okawaru.
  7924 | D:9      | Became a worshipper of Warmaster Okawaru
  8106 | D:10     | Entered Level 10 of the Dungeon
  8296 | D:10     | Noticed a two-headed ogre
  8353 | D:10     | Killed a two-headed ogre
  8353 | D:10     | Reached * piety under Okawaru
  8354 | D:10     | Reached skill level 1 in Invocations
  8509 | D:10     | Noticed Urug
  8523 | D:10     | Killed Urug
  8550 | D:10     | Reached ** piety under Okawaru
  8698 | D:10     | Found a staircase to the Orcish Mines.
  9025 | D:11     | Found a staircase to the Lair.
  9068 | D:11     | Noticed a boulder beetle
  9102 | D:11     | Killed a boulder beetle
  9103 | D:11     | Reached skill level 10 in Armour
  9103 | D:11     | Reached skill level 10 in Shields
  9223 | D:11     | Reached *** piety under Okawaru
  9392 | D:11     | Noticed a cyclops
  9399 | D:11     | Reached skill level 5 in Dodging
  9404 | D:11     | Killed a cyclops
  9619 | D:12     | Noticed a cyclops
  9629 | D:12     | Killed a cyclops
  9659 | D:12     | Noticed a red ugly thing
  9671 | D:12     | Killed a red ugly thing
  9710 | D:12     | Noticed a brown ugly thing
  9716 | D:12     | Noticed a green ugly thing
  9722 | D:12     | Killed a brown ugly thing
  9723 | D:12     | Reached XP level 12. HP: 73/73 MP: 14/14
  9741 | D:12     | Reached **** piety under Okawaru
  9854 | D:12     | Found a hazy altar of Hepliaklqana.
  9958 | D:12     | Reached skill level 5 in Evocations
 10741 | D:13     | Noticed a centaur warrior
 10755 | D:13     | Killed a centaur warrior
 10833 | D:13     | Reached ***** piety under Okawaru
 10929 | D:13     | Noticed a tengu warrior
 10929 | D:13     | Noticed a tengu warrior
 10959 | D:13     | Killed a tengu warrior
 10983 | D:13     | Killed a tengu warrior
 11250 | D:13     | Noticed a centaur warrior
 11273 | D:13     | Killed a centaur warrior
 11411 | Lair:1   | Entered Level 1 of the Lair of Beasts
 11411 | Lair:1   | Noticed a seven-headed hydra
 11423 | Lair:1   | Killed a one-headed hydra
 11530 | Lair:1   | Identified the +6 ring mail of Freedom {Dex+2} (Okawaru
                  | gifted it to you on level 1 of the Lair of Beasts)
 11530 | Lair:1   | Received a gift from Okawaru
 11736 | Lair:1   | Reached XP level 13. HP: 79/79 MP: 16/16
 12534 | Lair:2   | Reached skill level 5 in Invocations
 12574 | Lair:2   | Found a frozen archway.
 12589 | IceCv    | Entered an ice cave
 12674 | IceCv    | Reached skill level 10 in Long Blades
 12973 | IceCv    | Identified the +1 ring mail of Brilliance {+Blink Fly
                  | Stlth+} (Okawaru gifted it to you in an ice cave)
 12973 | IceCv    | Received a gift from Okawaru
 13009 | IceCv    | Noticed a frost giant
 13059 | IceCv    | Killed a frost giant
 13987 | Lair:3   | Gained mutation: Your large and strong wings let you fly.
                  | [Gargoyle growth]
 13987 | Lair:3   | Reached XP level 14. HP: 81/86 MP: 18/18
 14136 | Lair:3   | Noticed Rupert
 14153 | Lair:3   | Slain by Rupert

Illustrated notes

Levels and vault maps discovered:
D:1:      lordsloth_arrival_two_stooges, layout_rooms,
          hellmonk_ecumenical_altar_prayer_group, st_stairs_5, nrook_campfire
D:2:      layout_loops_ring, basic_altar
D:3:      layout_loops_cross
D:4:      layout_basic, ebering_ghost_rock_garden, uniq_crazy_yiuf_cottage
D:5:      layout_cave_pools, nicolae_qazlal_eye_of_the_storm, serial_shops,
          shop_statue, uniq_menkaure, uniq_ijyb
D:6:      layout_loops_ring, nicolae_overflow_hidden_temple,
          minmay_temple_entry_wispy, gup_sewer_entry_spiral
D:7:      layout_loops_ring, mainiacjoe_overflow_concentric_impassable,
          amcnicky_altar_gilded, serial_aquarium, aquarium_bridge_square
          [aquarium_subvault_bridge, aquarium_subvault_bridge,
          aquarium_subvault_window, aquarium_subvault_bridge],
          aquarium_bridge_square [aquarium_subvault_bridge,
          aquarium_subvault_balcony, aquarium_subvault_window,
          aquarium_subvault_bridge], aquarium_window_corridor_1,
          aquarium_window_fake, aquarium_view_2b, aquarium_pool_corner,
          uniq_maggie, uniq_prince_ribbit1
D:8:      layout_loops_corners, minmay_misc_feat_five
D:9:      layout_roguey, nicolae_overflow_crystal_walls, uniq_pikel
D:10:     layout_small_grid, hiddenorc2_lemuel, nicolae_elevator_lobby_plus,
          uniq_urug
D:11:     layout_roguey, lair_entry_dummy, roderic_batcave
D:12:     layout_stronghold, nzn_hepliaklqana_mist_gate
D:13:     layout_rooms, serial_bayou_lake_a
Temple:   eino_temple_rhombus
Lair:1:   layout_roguey
Lair:2:   layout_cave_pods, portal_ice_cave_rime, grunt_megastairs_2,
          infiniplex_staircase_pool
Lair:3:   layout_cave_shapes, minmay_swamp_entry_worms, grunt_megastairs_1,
          uniq_rupert

Skill      XL: |  1  2  3  4  5  6  7  8  9 10 11 12 13 |
---------------+----------------------------------------+-----
Long Blades    | 2 3 4 5 6 7 8 9 10 | 10.5
Armour         | 4 5 6 8 9 10 11 12 | 12.6
Shields        | 4 5 6 8 9 10 11 12 | 12.7
Dodging        | 1 2 3 4 5 6 |  6.6
Fighting       | 4 5 6 7 8 9 |  9.3
Evocations     | 1 2 4 5 6 |  6.6
Invocations    | 2 4 5 |  5.9

Action                   |  1- 3 |  4- 6 |  7- 9 | 10-12 | 13-15 || total
-------------------------+-------+-------+-------+-------+-------++-------
Melee: Long sword        |   132 |   273 |   481 |       |       ||   886
       Scimitar          |       |       |    82 |   736 |   457 ||  1275
       Double sword      |       |       |    42 |       |       ||    42
       War axe           |       |       |       |     8 |    15 ||    23
Invok: Heroism           |       |       |       |     9 |     5 ||    14
       Finesse           |       |       |       |       |     2 ||     2
  Use: Scroll            |     1 |     5 |    10 |     7 |     3 ||    26
       Potion            |       |     1 |     1 |     1 |       ||     3
Armor: Scale mail        |   125 |   133 |     5 |       |       ||   263
       Chain mail        |       |       |   479 |    73 |       ||   552
       Plate armour      |       |       |       |   414 |   296 ||   710
Dodge: Dodged            |   103 |   107 |   275 |   256 |   179 ||   920
Block: Buckler           |    35 |    91 |   233 |   208 |       ||   567
       Kite shield       |       |       |       |   107 |   387 ||   494
       Reflection        |       |       |       |     1 |       ||     1

Table legend: (Time is in decaauts)
 A = Elapsed time spent in this place.
 B = Non-inter-level travel time spent in this place.
 C = Inter-level travel time spent in this place.
 D = Time resting spent in this place.
 E = Time spent auto-exploring this place.
 F = Levels seen in this place.
 G = Mean time per level.
                   A        B        C        D        E       F      G
               +--------+--------+--------+--------+--------+-----+--------+
         Total |  14438 |  13839 |    599 |    346 |   7802 |  19 |  759.9 |
       Dungeon |  10941 |  10392 |    549 |    283 |   6271 |  13 |  841.6 |
        Temple |    180 |    170 |     10 |      0 |    157 |   1 |  180.0 |
          Lair |   1984 |   1944 |     40 |      0 |    980 |   3 |  661.3 |
         Sewer |    586 |    586 |      0 |      0 |    217 |   1 |  586.0 |
      Ice Cave |    745 |    745 |      0 |     63 |    177 |   1 |  745.0 |
               +--------+--------+--------+--------+--------+-----+--------+

Top non-repeatable levels by time:
     D:1: 1305 daAuts
    D:12: 1115 daAuts
     D:6: 988 daAuts
  Lair:1: 900 daAuts
  Lair:2: 888 daAuts
    D:10: 862 daAuts
     D:7: 860 daAuts
     D:8: 846 daAuts
     D:5: 810 daAuts
     D:9: 765 daAuts
   IceCv: 745 daAuts
     D:4: 703 daAuts
     D:3: 702 daAuts
    D:11: 663 daAuts
     D:2: 660 daAuts
